 Dungeon Crawl Stone Soup version 0.27-a0-13-g87abb2d9eb (webtiles) character file.

Game seed: 9224591374039487740

132 voltaire321 the Magician (level 4, 0/25 HPs)
             Began as a Deep Elf Air Elementalist on Jan 2, 2021.
             Slain by an adder (3 damage)
             ... on level 2 of the Dungeon.
             The game lasted 00:09:13 (1945 turns).

voltaire321 the Magician (DEAE)                     Turns: 1945, Time: 00:09:13

Health: 0/25       AC:  5    Str:  6    XL:     4   Next: 92%
Magic:  0/12       EV: 14    Int: 20    God:
Gold:   20         SH:  0    Dex: 15    Spells: 5/11 levels left

rFire    . . .     SeeInvis .   c - +1 dagger (vamp)
rCold    . . .     Faith    .   (no shield)
rNeg     . . .     Spirit   .   a - +0 robe
rPois    .         Reflect  .   (no helmet)
rElec    .         Harm     .   (no cloak)
rCorr    .         Rampage  .   (no gloves)
Will     .....                  g - +2 pair of boots
Stlth    ++........             (no amulet)
HPRegen  0.08/turn              (no ring)
MPRegen  0.13/turn              (no ring)

@: lethally poisoned (0 -> -10)
A: no striking features
a: no special abilities


You were on level 2 of the Dungeon.
You visited 1 branch of the dungeon, and saw 2 of its levels.

You collected 20 gold pieces.

Inventory:

Hand Weapons
 c - a +1 vampiric dagger (weapon)
 h - a +0 rapier
Armour
 a - a +0 robe (worn)
 g - a +2 pair of boots (worn)
Scrolls
 b - 4 scrolls of identify {unknown}
 e - a scroll of remove curse
Potions
 d - a potion of haste {unknown}
 f - 2 potions of curing
 i - a potion of attraction {unknown}


   Skills:
 + Level 1.4 Fighting
 + Level 3.5 Dodging
 - Level 2.4 Stealth
 + Level 4.0 Spellcasting
 + Level 2.4 Conjurations
 + Level 3.6 Air Magic


You had 5 spell levels left.
You knew the following spells:

 Your Spells              Type           Power        Failure   Level
a - Shock                 Conj/Air       64%          3%          1
b - Swiftness             Air            18%          4%          2
c - Static Discharge      Conj/Air       16%          11%         3

Your spell library contained the following spells:

 Spells                   Type           Power        Failure   Level
 Airstrike                Air            9%           28%         4
 Lightning Bolt           Conj/Air       8%           71%         5


Dungeon Overview and Level Annotations

Branches:
Dungeon (2/15)

Altars:


Message History

The adder barely misses you.
You miss the adder.
The adder is almost dead.
You feel sick. The adder bites you but does no damage.
You closely miss the adder.
The adder is almost dead.
The adder bites you but does no damage. The adder bites you.
* * * LOW HITPOINT WARNING * * *
You are lethally poisoned!
The adder poisons you!
Casting: Shock (safe; 3% risk of failure)
Confirm with . or Enter, or press ? or * to list all spells.
Aiming: Shock (safe; 3% risk of failure)
Press: ? - help, Shift-Dir - straight line, f/p - adder
Aim: an adder (almost dead, 47% to evade)
The zap misses the adder.
The zap hits the orc.
You kill the orc!
* * * LOW HITPOINT WARNING * * *
You feel sick. The adder bites you.
You die...

#.....>รท.....#.##
.##...<###...... ##
##...###..#... . #.
#..##........ .)####.
#........#... .......
###..)......... .....[.
##......##......
#......###...............
......)S@.........##.....
#......#(........###.....
.........#........##.#...
#......#..........#..#..#
............##....#.....#
...#####.#####....#...#.#
### ...# ...(.......#
.#..# #####..#...#. #..#
#........##.


You could see an adder.

Vanquished Creatures
  An orc priest (D:2)
  4 adders (D:2)
  3 oozes
  A dart slug (D:1)
  A leopard gecko (D:2)
  2 orcs
  4 bats
  4 giant cockroaches
  10 goblins
  4 hobgoblins
  4 jackals (D:2)
  A quokka (D:2)
  A frilled lizard (D:1)
  5 kobolds
  4 rats
49 creatures vanquished.

Notes
Turn   | Place    | Note
-------+----------+-------------------------------------------
     0 | D:1      | voltaire321 the Deep Elf Air Elementalist began the quest
                  | for the Orb.
     0 | D:1      | Reached XP level 1. HP: 10/10 MP: 6/6
   309 | D:1      | Reached XP level 2. HP: 15/15 MP: 4/8
   432 | D:1      | Learned a level 2 spell: Swiftness
  1098 | D:1      | Reached XP level 3. HP: 20/20 MP: 7/9
  1379 | D:2      | Reached skill level 1 in Fighting
  1520 | D:2      | Reached XP level 4. HP: 20/25 MP: 4/11
  1631 | D:2      | Learned a level 3 spell: Static Discharge
  1931 | D:2      | Reached skill level 4 in Spellcasting
  1945 | D:2      | Slain by an adder

Illustrated notes

Levels and vault maps discovered:
D:1:      nzn_arrival_water_spiral, layout_basic, minmay_circled_x
D:2:      minmay_evil_eye, layout_rooms, serial_bayou_pond_e, eino_curves_02

Skill      XL: |  1  2  3  4 |
---------------+-------------+-----
Dodging        | 3 |  3.5
Fighting       | 1 |  1.4
Conjurations   | 2 |  2.4
Spellcasting   | 4 |  4.0
Stealth        | |  2.4
Air Magic      | |  3.6

Action                   |  1- 3 |  4- 6 || total
-------------------------+-------+-------++-------
Melee: Unarmed           |     2 |       ||     2
       Dagger            |    25 |    22 ||    47
 Cast: Shock             |    59 |    41 ||   100
  Use: Scroll            |     4 |       ||     4
Armor: Robe              |     7 |    12 ||    19
Dodge: Dodged            |    29 |    22 ||    51

Table legend: (Time is in decaauts)
 A = Elapsed time spent in this place.
 B = Non-inter-level travel time spent in this place.
 C = Inter-level travel time spent in this place.
 D = Time resting spent in this place.
 E = Time spent auto-exploring this place.
 F = Levels seen in this place.
 G = Mean time per level.
                   A        B        C        D        E       F      G
               +--------+--------+--------+--------+--------+-----+--------+
         Total |   1945 |   1924 |     21 |    829 |    712 |   2 |  972.5 |
       Dungeon |   1945 |   1924 |     21 |    829 |    712 |   2 |  972.5 |
               +--------+--------+--------+--------+--------+-----+--------+

Top non-repeatable levels by time:
     D:1: 1272 daAuts
     D:2: 673 daAuts
